 Dungeon Crawl Stone Soup version 0.28-a0-241-gfbb0926a3a (webtiles) character file.

Game seed: 5865559111155738649

1101 Colgate the Cleaver (level 8, -2/67 HPs)
             Began as a Minotaur Fighter on Aug 24, 2021.
             Was a Follower of Okawaru.
             Slain by a gnoll sergeant (9 damage)
             ... on level 6 of the Dungeon.
             The game lasted 00:10:56 (6369 turns).

Colgate the Cleaver (Minotaur Fighter)              Turns: 6369, Time: 00:10:57

Health: -2/67      AC: 11    Str: 23      XL:     8   Next: 10%
Magic:  1/10       EV:  9    Int:  5      God:    Okawaru [*.....]
Gold:   308        SH: 10    Dex:  8 (10) Spells: 7/7 levels left

rFire   . . .      SeeInvis .   Y - +0 war axe (flame)
rCold   . . .      Faith    .   c - +0 kite shield
rNeg    . . .      Spirit   .   b - +0 chain mail
rPois   .          Reflect  .   (helmet restricted)
rElec   .          Harm     .   (no cloak)
rCorr   .          Rampage  .   (no gloves)
Will    .....                   (no boots)
Stlth   ..........              (no amulet)
HPRegen 0.21/turn               (no ring)
MPRegen 0.12/turn               (no ring)

@: heroic
A: horns 2, retaliatory headbutt
a: Renounce Religion, Heroism


You were on level 6 of the Dungeon.
You worshipped Okawaru.
Okawaru was aware of your devotion.
You visited 2 branches of the dungeon, and saw 7 of its levels.

You collected 308 gold pieces.


Innate Abilities, Weirdness & Mutations

You have a pair of horns on your head.
You reflexively headbutt those who attack you in melee.


   Skills:
 + Level 4.9(9.9) Fighting
 - Level 9.1(14.1) Axes
 - Level 3.6(8.6) Armour
 - Level 2.0(7.0) Dodging
 - Level 4.4(9.4) Shields
 - Level 4.1 Invocations


You had 7 spell levels left.
You didn't know any spells.
Your spell library was empty.

Inventory:

Hand Weapons
 Y - a +0 war axe of flaming (weapon)
Missiles
 f - 4 javelins
Armour
 b - a +0 chain mail (worn)
 c - a +0 kite shield (worn)
Scrolls
 a - a scroll of teleportation
 g - a scroll of identify
Potions
 d - 3 potions of might
 i - a potion of curing {unknown}

Dungeon Overview and Level Annotations

Branches:
Dungeon (6/15)             Temple (1/1) D:4

Altars:
Ashenzari
Cheibriados
Dithmenos
Elyvilon
Fedhas
Gozag
Hepliaklqana
Kikubaaqudgha
Makhleb
Nemelex Xobeh
Okawaru
Qazlal
Ru
Sif Muna
Trog
Uskayaw
Vehumet
Wu Jian
Xom
Yredelemnul
Zin
The Shining One

Shops:
D:2 [

Annotations:
D:5 1 runed translucent door


Message History

You feel more confident with your borrowed prowess.
The gnoll barely misses you. You furiously retaliate!
You headbutt the gnoll, but do no damage.
You block the gnoll sergeant's attack.
6363 ||| INVOKING Heroism.
You feel more confident with your borrowed prowess.
The gnoll misses you.
A gnoll comes into view. It is wielding a +0 club.
A gnoll comes into view. It is wielding a +0 halberd.
The gnoll sergeant closely misses you.
6364 ||| INVOKING Heroism.
You feel more confident with your borrowed prowess.
The gnoll hits you but does no damage. x2
The gnoll sergeant hits you with a +6 trident!
6365 ||| INVOKING Heroism.
You feel more confident with your borrowed prowess.
The gnoll hits you with a +0 club.
The gnoll hits you from afar with a +0 halberd.
The gnoll sergeant closely misses you.
You hit the gnoll. You burn the gnoll.
The gnoll is almost dead.
You hit the gnoll sergeant but do no damage.
The gnoll hits you with a +0 club. You block the gnoll's attack.
You hit the gnoll. You burn the gnoll.
You kill the gnoll!
Okawaru accepts your kill.
You hit the gnoll sergeant. You burn the gnoll sergeant.
The gnoll closely misses you.
You hit the gnoll sergeant. You burn the gnoll sergeant.
You headbutt the gnoll sergeant, but do no damage.
The gnoll sergeant is heavily wounded.
You hit the gnoll. You burn the gnoll.
The gnoll sergeant hits you with a +6 trident.
The gnoll hits you with a +0 club. You block the gnoll's attack.
You hit the gnoll sergeant. You burn the gnoll sergeant.
Your headbutt misses the gnoll sergeant.
The gnoll sergeant is heavily wounded.
You barely miss the gnoll.
The gnoll sergeant hits you with a +6 trident!
You die...

.....### #.# .. .......#
#.## ###... ........
#..###...... ......##
##.....# ........ ..##
###..## ......#
.....###..# ......#
#......#.# .<....###
####g)gg.# )........
#g@#.....#
)%)!.............#....##
).....#. #....##.#.#....
.#.#.## ##... #...g.g...
.....## #... ...#......
........ #.. ..## g.
..##........ ..# ..#
..#.. ##.# ..##..#..


You could see a gnoll sergeant and 3 gnolls.

Vanquished Creatures
  A sky beast (D:5)
  2 black bears
  An ogre (D:4)
  A phantom (D:5)
  A gnoll sergeant (D:6)
  3 scorpions
  A water moccasin skeleton (D:4)
  A hound (D:4)
  A jelly (D:4)
  An orc priest (D:3)
  An iguana (D:5)
  A hound zombie (D:5)
  9 gnolls
  6 adders
  2 ufetubi
  An adder zombie (D:5)
  3 worms (D:3)
  3 dart slugs
  11 orcs
  5 ball pythons
  4 endoplasms
  A giant cockroach (D:2)
  14 goblins
  3 hobgoblins
  4 jackals
  5 quokkas
  3 bats
  5 frilled lizards
  6 kobolds
  8 rats
108 creatures vanquished.

Notes
Turn   | Place    | Note
-------+----------+-------------------------------------------
     0 | D:1      | Colgate the Minotaur Fighter began the quest for the Orb.
     0 | D:1      | Reached XP level 1. HP: 19/19 MP: 0/0
     0 | D:1      | 0 ||| counter = 47
    93 | D:1      | Reached skill level 3 in Axes
    93 | D:1      | Reached XP level 2. HP: 26/26 MP: 1/1
   110 | D:1      | Found a faded altar of an unknown god.
   152 | D:1      | You fall into a shaft and drop 1 floor!
   164 | D:2      | 164 ||| Shafted from D:1 to D:2.
   188 | D:2      | Reached skill level 4 in Axes
   271 | D:2      | 271 ||| STAIRDANCE
   273 | D:1      | 273 ||| Successfully unshafted to D:1.
   734 | D:1      | Reached XP level 3. HP: 26/31 MP: 2/2
  1168 | D:1      | 1168 ||| READING scroll labelled TUEBLO ZEIZEYT.
  1169 | D:1      | 1169 ||| READING 2 scrolls labelled RURIMI KUOTZ.
  1170 | D:1      | 1170 ||| READING scroll labelled FOVIUN WIBI.
  1171 | D:1      | 1171 ||| READING 2 scrolls labelled DOIHAPT RILUT.
  1172 | D:1      | 1172 ||| READING scroll labelled AJO OKHOUPTIY.
  1173 | D:1      | 1173 ||| DROPPING scroll of fear.
  1174 | D:1      | 1174 ||| DROPPING scroll of immolation.
  1231 | D:2      | 1231 ||| DROPPING +0 club.
  1309 | D:2      | Found Icusin's Armour Shop.
  1314 | D:2      | 1314 ||| SHOPLISTING +0 chain mail (49 gold, have 33).
  1314 | D:2      | 1314 ||| SHOPLISTING +0 pair of gloves (49 gold, have 33).
  1314 | D:2      | 1314 ||| SHOPLISTING +1 pair of boots of rampaging (181
                  | gold, have 33).
  1314 | D:2      | 1314 ||| SHOPLISTING +1 pair of gloves of stealth (181
                  | gold, have 33).
  1314 | D:2      | 1314 ||| SHOPLISTING +10 scale mail "Luytz" {rPois rF+++
                  | Str-3 Stlth-} (1017 gold, have 33).
  1662 | D:2      | Reached skill level 5 in Axes
  1837 | D:2      | 1837 ||| READING scroll labelled HUNWUTIUTUO.
  1900 | D:3      | Reached XP level 4. HP: 32/39 MP: 3/3
  1951 | D:3      | 1951 ||| STAIRDANCE
  2122 | D:2      | 2122 ||| DRINKING 2 murky ruby potions.
  2149 | D:2      | 2149 ||| DROPPING potion of berserk rage.
  2178 | D:3      | 2178 ||| STAIRDANCE
  2282 | D:3      | 2282 ||| DROPPING +0 whip.
  2355 | D:3      | 2355 ||| STAIRDANCE
  2610 | D:3      | 2610 ||| STAIRDANCE
  2889 | D:3      | 2889 ||| DROPPING +1 flail of protection.
  3186 | D:3      | 3186 ||| READING scroll labelled LUETWIRE ABBEN.
  3187 | D:3      | 3187 ||| READING scroll labelled LERIDWEOCS.
  3192 | D:3      | 3192 ||| READING scroll labelled HYJOQUI RACEST.
  3193 | D:3      | 3193 ||| READING scroll labelled NEV ZEUDUU.
  3194 | D:3      | 3194 ||| DROPPING +0 morningstar.
  3195 | D:3      | 3195 ||| DRINKING 2 viscous amethyst potions.
  3196 | D:3      | 3196 ||| DROPPING potion of flight.
  3302 | D:4      | Found a staircase to the Ecumenical Temple.
  3312 | D:4      | Reached XP level 5. HP: 45/45 MP: 4/4
  3316 | Temple   | Entered the Ecumenical Temple
  3317 | Temple   | 3317 ||| Entered T.
  3460 | Temple   | Became a worshipper of Warmaster Okawaru
  3654 | D:4      | Reached skill level 6 in Axes
  3690 | D:4      | Noticed a black bear
  3701 | D:4      | Killed a black bear
  3702 | D:4      | Reached skill level 7 in Axes
  3702 | D:4      | Reached XP level 6. HP: 36/51 MP: 5/5
  4336 | D:4      | Reached * piety under Okawaru
  4377 | D:4      | 4377 ||| INVOKING Heroism.
  4378 | D:4      | 4378 ||| INVOKING Heroism.
  4551 | D:4      | 4551 ||| READING scroll labelled YJULAV OJESU.
  4694 | D:4      | 4694 ||| READING scroll labelled UVORIC RILUR.
  4695 | D:4      | 4695 ||| DRINKING 2 green potions.
  4696 | D:4      | 4696 ||| READING 2 scrolls of identify.
  4696 | D:4      | 4696 ||| IDENTIFYING bubbling white potion
  4697 | D:4      | 4697 ||| DROPPING potion of ambrosia.
  4698 | D:4      | 4698 ||| DROPPING potion of degeneration.
  4719 | D:5      | Entered Level 5 of the Dungeon
  4723 | D:5      | 4723 ||| STAIRDANCE
  4729 | D:4      | Reached skill level 1 in Invocations
  4756 | D:5      | 4756 ||| INVOKING Heroism.
  4757 | D:5      | 4757 ||| INVOKING Heroism.
  4760 | D:5      | Reached XP level 7. HP: 37/60 MP: 1/6
  5032 | D:5      | Found a runed translucent door.
  5113 | D:5      | Found a basalt altar of Yredelemnul.
  5174 | D:5      | 5174 ||| INVOKING Heroism.
  5175 | D:5      | 5175 ||| INVOKING Heroism.
  5176 | D:5      | 5176 ||| INVOKING Heroism.
  5184 | D:5      | 5184 ||| INVOKING Heroism.
  5187 | D:5      | HP: 14/60 [gnoll (5)]
  5191 | D:5      | Reached skill level 8 in Axes
  5587 | D:5      | 5587 ||| INVOKING Heroism.
  5588 | D:5      | 5588 ||| INVOKING Heroism.
  5794 | D:5      | Noticed a gargoyle
  5795 | D:5      | 5795 ||| UPGRADING to +2 ring mail of willpower.
  5805 | D:5      | 5805 ||| DROPPING +0 scale mail.
  5806 | D:5      | 5806 ||| DROPPING amulet of the acrobat.
  5807 | D:5      | 5807 ||| READING 2 scrolls of identify.
  5807 | D:5      | 5807 ||| IDENTIFYING orange potion
  5808 | D:5      | 5808 ||| DROPPING potion of lignification.
  5833 | D:6      | 5833 ||| INVOKING Heroism.
  5834 | D:6      | 5834 ||| STAIRDANCE
  5841 | D:5      | Reached skill level 3 in Invocations
  5916 | D:6      | 5916 ||| STAIRDANCE
  6006 | D:5      | Identified the +3 ring mail "Tirix" {Dex+3 Stlth+}
  6032 | D:6      | 6032 ||| STAIRDANCE
  6056 | D:5      | 6056 ||| UPGRADING to +0 chain mail.
  6066 | D:5      | 6066 ||| DROPPING +2 ring mail of willpower.
  6138 | D:6      | 6138 ||| INVOKING Heroism.
  6139 | D:6      | 6139 ||| INVOKING Heroism.
  6140 | D:6      | 6140 ||| INVOKING Heroism.
  6141 | D:6      | 6141 ||| INVOKING Heroism.
  6157 | D:6      | 6157 ||| INVOKING Heroism.
  6166 | D:6      | Reached skill level 9 in Axes
  6166 | D:6      | Reached XP level 8. HP: 38/67 MP: 1/9
  6361 | D:6      | 6361 ||| INVOKING Heroism.
  6362 | D:6      | 6362 ||| INVOKING Heroism.
  6363 | D:6      | 6363 ||| INVOKING Heroism.
  6364 | D:6      | 6364 ||| INVOKING Heroism.
  6365 | D:6      | 6365 ||| INVOKING Heroism.
  6366 | D:6      | HP: 12/67 [gnoll (6)]
  6369 | D:6      | Slain by a gnoll sergeant

Levels and vault maps discovered:
D:1:      dpeg_arrival_water_fire, layout_basic,
          dreamdust_ecumenical_altar_statues
D:2:      layout_loops_ring, serial_shops, nicolae_shop_trees
D:3:      minmay_general_purpose_star, layout_basic
D:4:      layout_basic, minmay_temple_entry_antechambers
D:5:      layout_basic, lemuel_zombie_altar_yredelemnul, lightli_church_of_beogh
D:6:      layout_rooms, uniq_duvessa
Temple:   roderic_octagonal_lattice_temple

Skill      XL: |  1  2  3  4  5  6  7  8 |
---------------+-------------------------+-----
Axes           | 3 4 5 7 9 |  9.1
Dodging        | 2 |  2.0
Fighting       | 4 |  4.9
Shields        | 4 |  4.4
Invocations    | 1 3 4 |  4.1
Armour         | |  3.6

Action                   |  1- 3 |  4- 6 |  7- 9 || total
-------------------------+-------+-------+-------++-------
Melee: War axe           |    77 |   100 |    80 ||   257
       Headbutt          |    12 |    16 |     8 ||    36
Invok: Heroism           |       |     4 |    17 ||    21
  Use: Scroll            |     6 |     7 |     1 ||    14
       Potion            |       |     3 |       ||     3
Armor: Scale mail        |    25 |    31 |    15 ||    71
       Chain mail        |       |       |    11 ||    11
       Ring mail         |       |       |     5 ||     5
Dodge: Dodged            |    23 |    31 |    38 ||    92
Block: Kite shield       |    30 |    42 |    60 ||   132

Table legend:
 A = Non-vault XP
 B = Vault XP
 C = Vault XP percentage of total XP
 D = Non-vault monster count
 E = Vault monster count
 F = Vault count percentage of total count
                 A         B        C        D         E       F
            +---------+---------+-------+---------+---------+-------
      Total |    1529 |      45 |   2.9 |     102 |       6 |   5.6
            +---------+---------+-------+---------+---------+-------
        D:1 |      39 |       0 |   0.0 |      24 |       0 |   0.0
        D:2 |      42 |       0 |   0.0 |      18 |       0 |   0.0
        D:3 |      97 |      17 |  14.9 |      22 |       4 |  15.4
        D:4 |     515 |       0 |   0.0 |      12 |       0 |   0.0
        D:5 |     418 |      28 |   6.3 |      12 |       2 |  14.3
        D:6 |     418 |       0 |   0.0 |      14 |       0 |   0.0
            +---------+---------+-------+---------+---------+-------
